 Dungeon Crawl Stone Soup version 0.31-a0-177-g4aa6249778 (webtiles) character file.

Game seed: 15480013914187333119

1509 qw the Chopper (level 8, 0/49 HPs)
             Began as a Gargoyle Fighter on June 18, 2023.
             Was a Believer of Okawaru.
             Slain by a scorpion (4 damage)
             ... on level 5 of the Dungeon.
             The game lasted 00:02:07 (3883 turns).

qw the Chopper (Gargoyle Fighter)                   Turns: 3883, Time: 00:02:08

Health: 0/49       AC: 17    Str: 21    XL:     8   Next: 83%
Magic:  10/11      EV:  9    Int: 10    God:    Okawaru [**....]
Gold:   202        SH:  5    Dex:  9    Spells: 7/7 levels left

rFire   . . .        Y - +0 war axe (venom)
rCold   . . .        c - +0 buckler
rNeg    + + .        e - +0 chain mail
rPois   inf          (no helmet)
rElec   +            (no cloak)
rCorr   .            i - +0 pair of gloves
SInv    .            (no boots)
Will    .....        (no amulet) Stlth
                     a - ring of positive energy
HPRegen 0.28/turn    (no ring)
MPRegen 0.12/turn

%: no passive effects
@: about to teleport, heroic
A: sickness immunity, AC +5, negative energy resistance 1, electricity
resistance, torment resistance 1, petrification resistance
a: Renounce Religion, Heroism


You were on level 5 of the Dungeon.
You worshipped Okawaru.
Okawaru was pleased with you.
You visited 2 branches of the dungeon, and saw 6 of its levels.

You collected 202 gold pieces.


Innate Abilities, Weirdness & Mutations

You are immune to sickness and miasma.
Your stone body is resilient. (AC +5)
You are immune to poison.
You resist negative energy. (rN+)
You are resistant to electric shocks. (rElec)
You are resistant to unholy torment.
You are immune to petrification.


   Skills:
 - Level 5.1(10.1) Fighting
 + Level 7.8(12.8) Axes
 - Level 1.9(6.9) Throwing
 - Level 3.2(8.2) Armour
 - Level 1.0(6.0) Dodging
 - Level 3.2(8.2) Shields
 - Level 5.0 Invocations


You had 7 spell levels left.
You didn't know any spells.
Your spell library was empty.

Inventory:

Hand Weapons
 b - a +2 flail of protection
 Y - a +0 war axe of venom (weapon)
Missiles
 l - 2 boomerangs (quivered)
Armour
 c - a +0 buckler (worn)
 e - a +0 chain mail (worn)
 i - a +0 pair of gloves (worn)
Jewellery
 a - a ring of positive energy (left hand)
Scrolls
 f - 2 scrolls of teleportation
 h - a scroll of silence {unknown}
 m - 6 scrolls of identify
Potions
 d - 2 potions of might
 g - a potion of heal wounds
 j - 4 potions of curing
 k - a potion of haste
 n - a potion of lignification {unknown}

Dungeon Overview and Level Annotations

Branches:
Dungeon (5/15)             Temple (1/1) D:4

Altars:
Ashenzari
Cheibriados
Dithmenos
Elyvilon
Fedhas
Gozag
Hepliaklqana
Kikubaaqudgha
Makhleb
Nemelex Xobeh
Okawaru
Qazlal
Sif Muna
Trog
Vehumet
Wu Jian
Xom
Yredelemnul
The Shining One

Shops:
D:1 =   D:4 *


Message History

You closely miss the howler monkey. You block the howler monkey's attack.
The orc priest mumbles some strange prayers to Beogh against you.
Beogh smites you!
The orc wizard gestures at you while chanting.
The puff of flame hits you but does no damage.
Your base Throwing skill increases to level 1!
You hit the howler monkey but do no damage.
The howler monkey looks as sick as possible!
The howler monkey is moderately wounded.
You closely miss the orc wizard. The howler monkey hits you.
The orc wizard hits you but does no damage.
You slash the howler monkey!
You kill the howler monkey!
Okawaru accepts your kill.
You hit the orc wizard but do no damage.
The orc wizard is poisoned.
The orc wizard hits you but does no damage.
You closely miss the orc wizard.
The orc wizard is lightly wounded.
You hit the scorpion but do no damage.
The orc wizard hits you but does no damage.
The scorpion closely misses you.
You slice the orc wizard!!
You kill the orc wizard!
Okawaru accepts your kill.
You closely miss the scorpion. The scorpion stings you.
The orc priest invokes the aid of Beogh against you.
Beogh smites you!
You closely miss the scorpion. You miss the orc wizard.
The scorpion closely misses you.
The orc priest calls down the wrath of Beogh upon you.
Beogh smites you!
3883 ||| READING 3 scrolls of teleportation.
As you read the scroll of teleportation, it crumbles to dust.
You feel strangely unstable. The scorpion stings you.
You die...

#.....#.##....#
..##.##.......#.#
...#.####.#.....#
#..#.####)#...###
#..#......#...#
#..########...#
#.#####..# #...####
......s..#### #.......
#...)@o...#####...####
#.#.##................
.....o...............
#.#...................
# #..#..#.##..........
.......#.##.........#
#.#.......##.........#
#.......####.........#
##.### #.........#


You could see a scorpion, an orc priest and an orc wizard.

Vanquished Creatures
  Pikel (D:5)
  Edmund (D:4)
  A black bear (D:4)
  An ice beast (D:5)
  A centaur (D:5)
  A phantom (D:5)
  2 lemures (D:5)
  A scorpion (D:5)
  A howler monkey (D:5)
  A crimson imp (D:3)
  A jelly (D:4)
  An orc priest (D:5)
  4 hounds
  A sleepcap (D:4)
  2 iguanas (D:4)
  4 orc wizards (D:5)
  2 adders
  A worm (D:5)
  16 orcs
  4 bats
  8 endoplasms
  3 giant cockroaches (D:1)
  8 goblins
  4 hobgoblins
  7 quokkas
  5 ball pythons
  2 frilled lizards (D:3)
  3 goblin skeletons (D:3)
  3 goblin zombies (D:3)
  6 kobolds
  A kobold skeleton (D:3)
  A kobold zombie (D:3)
  2 rats (D:3)
100 creatures vanquished.

Notes
Turn   | Place    | Note
-------+----------+-------------------------------------------
     0 | D:1      | qw the Gargoyle Fighter began the quest for the Orb.
     0 | D:1      | Reached XP level 1. HP: 14/14 MP: 1/1
     0 | D:1      | 0 ||| qw: Version: 0.3-a-5-g6f28e65
     0 | D:1      | 0 ||| qw: Game counter: 565
     0 | D:1      | 0 ||| qw: Always use a shield: true
     0 | D:1      | 0 ||| qw: God list: Okawaru
     0 | D:1      | 0 ||| qw: Allow faded altars: false
     0 | D:1      | 0 ||| qw: Do Orc after D:15 true
     0 | D:1      | 0 ||| qw: Do second Lair branch before Depths: true
     0 | D:1      | 0 ||| qw: Lair rune preference: random
     0 | D:1      | 0 ||| qw: Plans: Normal, Zot:1-4, Slime:5, God:TSO, Crypt,
                  | Tomb, Abyss, Pan, Hells, Win
     0 | D:1      | 0 ||| PLANNING D:1-11
    54 | D:1      | Reached skill level 2 in Axes
   163 | D:1      | Reached XP level 2. HP: 19/19 MP: 2/2
   301 | D:1      | Found a faded altar of an unknown god.
   417 | D:1      | Found Ojugue's Jewellery Emporium.
   429 | D:1      | 429 ||| SHOPLISTING +4 ring of slaying (780 gold, have 28).
   429 | D:1      | 429 ||| SHOPLISTING +5 ring of evasion (360 gold, have 28).
   429 | D:1      | 429 ||| SHOPLISTING +6 ring of dexterity (360 gold, have
                  | 28).
   429 | D:1      | 429 ||| SHOPLISTING +6 ring of strength (360 gold, have
                  | 28).
   429 | D:1      | 429 ||| SHOPLISTING amulet of the Gnashing Gods {Regen+
                  | rCorr Dex+3} (489 gold, have 28).
   429 | D:1      | 429 ||| SHOPLISTING ring of positive energy (200 gold, have
                  | 28).
   429 | D:1      | 429 ||| SHOPLISTING ring of protection from cold (250 gold,
                  | have 28).
   455 | D:1      | 455 ||| Stepping ~*~*~tactically~*~*~ (stealth).
   487 | D:1      | 487 ||| DROPPING +0 club.
   716 | D:1      | 716 ||| UPGRADING to +0 chain mail.
   726 | D:1      | 726 ||| DROPPING +0 scale mail.
   727 | D:1      | 727 ||| UPGRADING to +0 pair of gloves.
   732 | D:1      | 732 ||| READING scroll labelled YHUECW XEMP.
   735 | D:1      | 735 ||| READING scroll labelled JEFIUN IHEEKHLI.
   736 | D:1      | 736 ||| DRINKING 2 viscous pink potions.
   737 | D:1      | 737 ||| DRINKING 2 dark potions.
   797 | D:2      | Reached skill level 3 in Axes
   797 | D:2      | Reached XP level 3. HP: 23/23 MP: 3/3
   952 | D:2      | 952 ||| Stepping ~*~*~tactically~*~*~ (stealth).
   953 | D:2      | 953 ||| Stepping ~*~*~tactically~*~*~ (stealth).
  1002 | D:2      | Found a burning altar of Makhleb.
  1498 | D:2      | 1498 ||| UPGRADING to ring of positive energy.
  1499 | D:2      | 1499 ||| READING scroll labelled URULLE NOIMEKU.
  1587 | D:3      | 1587 ||| Stepping ~*~*~tactically~*~*~ (stealth).
  1599 | D:3      | Identified the +1 short sword of Twilight {holy, +Blink
                  | rCorr Str+4}
  1683 | D:3      | Found a glowing golden altar of the Shining One.
  1723 | D:3      | Reached skill level 4 in Axes
  1723 | D:3      | Reached XP level 4. HP: 28/28 MP: 4/4
  1876 | D:3      | 1876 ||| Stepping ~*~*~tactically~*~*~ (stealth).
  2019 | D:3      | 2019 ||| SWAPPING to +0 war axe of venom.
  2020 | D:3      | 2020 ||| DROPPING +0 war axe.
  2106 | D:3      | 2106 ||| READING 2 scrolls labelled RORROR ADGHINI.
  2107 | D:3      | 2107 ||| READING scroll labelled VIMEF TAHO.
  2139 | D:4      | Reached XP level 5. HP: 30/32 MP: 5/5
  2141 | D:4      | 2141 ||| Stepping ~*~*~tactically~*~*~ (stealth).
  2142 | D:4      | 2142 ||| Stepping ~*~*~tactically~*~*~ (stealth).
  2152 | D:4      | Found a staircase to the Ecumenical Temple.
  2153 | D:4      | 2153 ||| PLANNING TEMPLE
  2163 | D:4      | 2163 ||| FLEEEEING.
  2164 | D:4      | 2164 ||| FLEEEEING.
  2177 | D:4      | Reached skill level 5 in Axes
  2178 | D:4      | 2178 ||| FLEEEEING.
  2179 | D:4      | 2179 ||| FLEEEEING.
  2180 | D:4      | 2180 ||| STAIRDANCE
  2232 | D:4      | 2232 ||| STAIRDANCE
  2263 | D:4      | 2263 ||| Stepping ~*~*~tactically~*~*~ (stealth).
  2265 | D:4      | 2265 ||| Stepping ~*~*~tactically~*~*~ (stealth).
  2296 | Temple   | Entered the Ecumenical Temple
  2366 | Temple   | 2366 ||| PLANNING OKAWARU WORSHIP
  2585 | Temple   | Became a worshipper of Warmaster Okawaru
  2586 | Temple   | 2586 ||| PLANNING D:1-11
  2645 | D:4      | 2645 ||| DROPPING +0 whip.
  2711 | D:4      | Noticed a black bear
  2718 | D:4      | Killed a black bear
  2719 | D:4      | Reached XP level 6. HP: 34/40 MP: 6/6
  2768 | D:4      | Found Celawk's Gadget Gallery.
  2785 | D:4      | 2785 ||| READING 5 scrolls of identify.
  2785 | D:4      | 2785 ||| IDENTIFYING orange potion
  2801 | D:4      | 2801 ||| Stepping ~*~*~tactically~*~*~ (hiding).
  2876 | D:4      | 2876 ||| Stepping ~*~*~tactically~*~*~ (stealth).
  2940 | D:4      | 2940 ||| DROPPING +2 whip of electrocution.
  3153 | D:4      | 3153 ||| READING scroll labelled UGUR DEPUKH.
  3175 | D:5      | Entered Level 5 of the Dungeon
  3175 | D:5      | Noticed Edmund
  3179 | D:5      | Reached * piety under Okawaru
  3180 | D:5      | 3180 ||| INVOKING Heroism.
  3182 | D:5      | Reached XP level 7. HP: 44/44 MP: 4/7
  3191 | D:5      | 3191 ||| STAIRDANCE
  3193 | D:4      | Killed Edmund
  3194 | D:4      | Reached skill level 6 in Axes
  3268 | D:4      | 3268 ||| DROPPING +0 mace of protection.
  3331 | D:5      | Reached skill level 1 in Invocations
  3410 | D:5      | Reached skill level 1 in Dodging
  3497 | D:5      | 3497 ||| Stepping ~*~*~tactically~*~*~ (hiding).
  3498 | D:5      | 3498 ||| Stepping ~*~*~tactically~*~*~ (hiding).
  3505 | D:5      | 3505 ||| Stepping ~*~*~tactically~*~*~ (hiding).
  3509 | D:5      | 3509 ||| Stepping ~*~*~tactically~*~*~ (hiding).
  3520 | D:5      | 3520 ||| Stepping ~*~*~tactically~*~*~ (stealth).
  3565 | D:5      | Reached skill level 3 in Invocations
  3565 | D:5      | Reached XP level 8. HP: 41/48 MP: 10/10
  3567 | D:5      | Noticed Pikel
  3568 | D:5      | 3568 ||| INVOKING Heroism.
  3577 | D:5      | Killed Pikel
  3577 | D:5      | Reached ** piety under Okawaru
  3578 | D:5      | Reached skill level 7 in Axes
  3588 | D:5      | 3588 ||| Stepping ~*~*~tactically~*~*~ (stealth).
  3633 | D:5      | 3633 ||| Stepping ~*~*~tactically~*~*~ (stealth).
  3635 | D:5      | 3635 ||| Stepping ~*~*~tactically~*~*~ (stealth).
  3651 | D:5      | 3651 ||| INVOKING Heroism.
  3871 | D:5      | 3871 ||| INVOKING Heroism.
  3878 | D:5      | Reached skill level 1 in Throwing
  3882 | D:5      | HP: 3/49 [orc priest/divine providence (12)]
  3883 | D:5      | 3883 ||| READING 3 scrolls of teleportation.
  3883 | D:5      | Slain by a scorpion

Levels and vault maps discovered:
D:1:      lightli_arrival_windingriver, layout_loops_ring, serial_shops,
          nicolae_shop_gaudy_bauble, ebering_ecumenical_altar_abandoned
D:2:      layout_loops_ring, basic_altar, serial_aquarium,
          aquarium_bridge_island_small [aquarium_subvault_small_open,
          aquarium_subvault_wall, aquarium_subvault_wall,
          aquarium_subvault_bridge, aquarium_subvault_bridge],
          aquarium_window_fake, aquarium_window_corridor_2, aquarium_window_1,
          aquarium_view_2b, aquarium_view_2f, aquarium_pool_S
D:3:      layout_rooms, nicolae_tso_besieged_by_evil
D:4:      layout_cave_pools, minmay_temple_entry_stoned_glass,
          hangedman_decor_clover_reticule, nicolae_shop_gadgets
D:5:      layout_loops_cross, uniq_pikel, uniq_edmund
Temple:   dpeg_five_rooms_temple

Skill      XL: |  1  2  3  4  5  6  7  8 |
---------------+-------------------------+-----
Axes           | 2 3 4 5 6 7 |  7.8
Fighting       | 4 5 |  5.1
Invocations    | 3 5 |  5.0
Dodging        | 1 |  1.0
Throwing       | 1 |  1.9
Armour         | |  3.2
Shields        | |  3.2

Action                     |  1- 3 |  4- 6 |  7- 9 || total
---------------------------+-------+-------+-------++-------
  Melee: War axe           |    90 |    97 |   125 ||   312
  Throw: Boomerang         |       |       |    14 ||    14
 Invoke: Heroism           |       |     1 |     3 ||     4
    Use: Scroll            |     3 |     4 |     1 ||     8
         Potion            |     2 |       |       ||     2
 Armour: Scale mail        |    12 |       |       ||    12
         Chain mail        |    25 |    50 |    75 ||   150
  Dodge: Dodged            |    28 |    25 |    37 ||    90
  Block: Buckler           |    15 |    20 |    28 ||    63

Table legend:
 A = Non-vault XP
 B = Vault XP
 C = Vault XP percentage of total XP
 D = Non-vault monster count
 E = Vault monster count
 F = Vault count percentage of total count
                 A         B        C        D         E       F
            +---------+---------+-------+---------+---------+-------
      Total |    1294 |     863 |  40.0 |      87 |      11 |  11.2
            +---------+---------+-------+---------+---------+-------
        D:1 |      28 |       0 |   0.0 |      15 |       0 |   0.0
        D:2 |      29 |       0 |   0.0 |      10 |       0 |   0.0
        D:3 |      32 |      56 |  63.6 |      14 |       9 |  39.1
        D:4 |     366 |     166 |  31.2 |      22 |       1 |   4.3
        D:5 |     839 |     641 |  43.3 |      26 |       1 |   3.7
            +---------+---------+-------+---------+---------+-------
